EL
COLORADO (EL) ROCKIES @ SAN ANTONIO MISSIONS
07/08/2048
 
TOP OF THE 1ST
Colorado (EL) Rockies batting - Pitching for San Antonio Missions : LHP Luis Sanchez
Pitching: LHP Luis Sanchez
Batting: RHB Ray Insley 0-0: Ball
1-0: Swinging Strike
1-1: Ball
2-1: Ball
3-1: Base on Balls
Batting: RHB Chris Osting 0-0: Called Strike
0-1: Swinging Strike
0-2: Ball
1-2: Ball
2-2: Fly out, F9 (Line Drive, 89S, EV 97.5 MPH)
Batting: LHB Mick Tucker 0-0: Reached on error, E3 (Groundball, 3, EV 78.1 MPH)
Ray Insley to second
Batting: RHB Kevin Tangeman 0-0: Ball
1-0: Foul Ball, location: 2F
1-1: Foul Ball, location: 2F
1-2: Ball
2-2: Foul Ball, location: 2F
2-2: Foul Ball, location: 2F
2-2: SINGLE (Line Drive, 5D, EV 93.8 MPH)
Ray Insley to third
Mick Tucker to second
Runner from 3rd tries for Home, SAFE, throw by LF to home
Batting: LHB Paul McClintock 0-0: Fielders Choice at 2nd, 6-4 (Groundball, 6M, EV 100.0 MPH)
Mick Tucker to third
Batting: RHB Pei Xie 0-0: Foul Ball, location: 2F
0-1: DOUBLE (Line Drive, 78D, EV 104.4 MPH)
Mick Tucker scores
Paul McClintock to third
Runner from 3rd tries for Home, SAFE, throw by LF to home
Batting: SHB Craig Ruzic 0-0: Called Strike
0-1: Ball
1-1: Foul Ball, location: 2F
1-2: Foul Ball, location: 2F
1-2: Strikes out looking
Top of the 1st over - 3 runs, 2 hits, 1 error, 1 left on base; Colorado (EL) 3 - San Antonio 0
BOTTOM OF THE 1ST
San Antonio Missions batting - Pitching for Colorado (EL) Rockies : RHP Andrew Ferrell
Pitching: RHP Andrew Ferrell
Batting: RHB Dave McBain 0-0: Called Strike
0-1: Bunt missed!
0-2: Foul Ball, location: 2F
0-2: Ball
1-2: Ground out 6-3 (Groundball, 6, EV 84.4 MPH)
Batting: RHB Freddie Brown 0-0: Called Strike
0-1: Foul Ball, location: 2F
0-2: Ball
1-2: Strikes out looking
Batting: RHB Mike Maserang 0-0: Ball
1-0: Ground out 6-3 (Groundball, 6, EV 108.1 MPH)
Bottom of the 1st over - 0 runs, 0 hits, 0 errors, 0 left on base; Colorado (EL) 3 - San Antonio 0
TOP OF THE 2ND
Colorado (EL) Rockies batting - Pitching for San Antonio Missions : LHP Luis Sanchez
Batting: RHB Juan Gallardo 0-0: Ball
1-0: Ball
2-0: Called Strike
2-1: Foul Ball, location: 2F
2-2: SINGLE (Groundball, 34D, EV 102.5 MPH)
Batting: RHB Chris Kinder 0-0: Ball
1-0: SINGLE (Groundball, 34D, EV 101.9 MPH)
Juan Gallardo to second
Runner from 2nd tries for 3rd, SAFE, throw by RF made to third
Batting: RHB Ray Insley 0-0: Foul Ball, location: 2F
0-1: Ball
1-1: Ball
2-1: Called Strike
2-2: Fly out, F8 (Flyball, 89M, EV 76.2 MPH)
Batting: RHB Chris Osting 0-0: Ball
1-0: Called Strike
1-1: Ball
2-1: Foul Ball, location: 2F
2-2: Foul Ball, location: 2F
2-2: Grounds into double play, 6-4-3 (Groundball, 6M, EV 100.6 MPH)
Top of the 2nd over - 0 runs, 2 hits, 0 errors, 1 left on base; Colorado (EL) 3 - San Antonio 0
BOTTOM OF THE 2ND
San Antonio Missions batting - Pitching for Colorado (EL) Rockies : RHP Andrew Ferrell
Batting: LHB Matt Patnaude 0-0: Called Strike
0-1: Called Strike
0-2: Strikes out swinging
Batting: RHB John Freeman 0-0: Ball
1-0: Ball
2-0: Ball
3-0: Base on Balls
Batting: LHB Teko van de Sande 0-0: Fly out, F7 (Flyball, 7D, EV 105.6 MPH)
Batting: RHB Adrian Martinelli 0-0: Called Strike
John Freeman is caught stealing 2nd base 2-4
Bottom of the 2nd over - 0 runs, 0 hits, 0 errors, 0 left on base; Colorado (EL) 3 - San Antonio 0
TOP OF THE 3RD
Colorado (EL) Rockies batting - Pitching for San Antonio Missions : LHP Luis Sanchez
Batting: LHB Mick Tucker 0-0: Foul Ball, location: 2F
0-1: Ball
1-1: Ball
2-1: Ground out 4-3 (Groundball, 34, EV 103.1 MPH)
Batting: RHB Kevin Tangeman 0-0: Called Strike
0-1: Foul Ball, location: 2F
0-2: Ground out 4-3 (Groundball, 4, EV 89.4 MPH)
Batting: LHB Paul McClintock 0-0: Ball
1-0: Ball
2-0: Swinging Strike
2-1: Swinging Strike
2-2: Foul Ball, location: 2F
2-2: Ball
3-2: Strikes out swinging
Top of the 3rd over - 0 runs, 0 hits, 0 errors, 0 left on base; Colorado (EL) 3 - San Antonio 0
BOTTOM OF THE 3RD
San Antonio Missions batting - Pitching for Colorado (EL) Rockies : RHP Andrew Ferrell
Batting: RHB Adrian Martinelli 0-0: Called Strike
0-1: Ball
1-1: Called Strike
1-2: Strikes out swinging
Batting: RHB David Aguilar 0-0: Ground out 4-3 (Groundball, 4, EV 100.0 MPH)
Batting: LHB Josh Slusarczyk 0-0: Ball
1-0: Ball
2-0: SINGLE (Line Drive, 6MD, EV 98.1 MPH)
Batting: RHB Dave McBain 0-0: Ball
1-0: Called Strike
1-1: Foul Ball, location: 2F
1-2: SINGLE (Line Drive, 56D, EV 106.2 MPH)
Josh Slusarczyk to second
Batting: RHB Freddie Brown 0-0: Called Strike
0-1: Ball
1-1: Swinging Strike
1-2: Foul Ball, location: 2F
1-2: Ball
2-2: Ground out 4-3 (Groundball, 4, EV 76.9 MPH)
Bottom of the 3rd over - 0 runs, 2 hits, 0 errors, 2 left on base; Colorado (EL) 3 - San Antonio 0
TOP OF THE 4TH
Colorado (EL) Rockies batting - Pitching for San Antonio Missions : LHP Luis Sanchez
Batting: RHB Pei Xie 0-0: Called Strike
0-1: Foul Ball, location: 2F
0-2: Ball
1-2: Ball
2-2: Strikes out swinging
Batting: SHB Craig Ruzic 0-0: Swinging Strike
0-1: Swinging Strike
0-2: Ball
1-2: Fly out, F8 (Flyball, 8LS, EV 92.5 MPH)
Batting: RHB Juan Gallardo 0-0: Foul Ball, location: 2F
0-1: Ball
1-1: Foul Ball, location: 2F
1-2: SINGLE (Groundball, 4MD, EV 96.9 MPH) (infield hit)
Batting: RHB Chris Kinder 0-0: Foul Ball, location: 2F
0-1: Ball
1-1: SINGLE (Line Drive, 4D, EV 102.5 MPH)
Juan Gallardo to second
Runner from 2nd tries for 3rd, OUT! 9-5
Top of the 4th over - 0 runs, 2 hits, 0 errors, 1 left on base; Colorado (EL) 3 - San Antonio 0
BOTTOM OF THE 4TH
San Antonio Missions batting - Pitching for Colorado (EL) Rockies : RHP Andrew Ferrell
Batting: RHB Mike Maserang 0-0: DOUBLE (Groundball, 5L, EV 106.9 MPH)
Batting: LHB Matt Patnaude 0-0: Ball
1-0: Swinging Strike
1-1: Ball
2-1: SINGLE (Groundball, 25, EV 67.5 MPH) (infield hit)
Mike Maserang to third
Batting: RHB John Freeman 0-0: Called Strike
0-1: Swinging Strike
0-2: Strikes out looking
Batting: LHB Teko van de Sande 0-0: DOUBLE (Line Drive, 78XD, EV 108.1 MPH)
Mike Maserang scores
Matt Patnaude to third
Batting: RHB Adrian Martinelli 0-0: Foul Ball, location: 2F
0-1: Ball
1-1: Swinging Strike
1-2: Fly out, F7 (Flyball, 7D, EV 91.9 MPH)
Runner from 3rd tags up, SCORES, no throw by LF
Teko van de Sande to third
Batting: RHB David Aguilar 0-0: Ball
1-0: Ground out 4-3 (Groundball, 34, EV 102.5 MPH)
Bottom of the 4th over - 2 runs, 3 hits, 0 errors, 1 left on base; Colorado (EL) 3 - San Antonio 2
TOP OF THE 5TH
Colorado (EL) Rockies batting - Pitching for San Antonio Missions : LHP Luis Sanchez
Batting: RHB Ray Insley 0-0: Ball
1-0: Ground out 6-3 (Groundball, 6, EV 96.9 MPH)
Batting: RHB Chris Osting 0-0: Called Strike
0-1: Ball
1-1: Ball
2-1: Called Strike
2-2: Strikes out looking
Batting: LHB Mick Tucker 0-0: Ball
1-0: Foul Ball, location: 2F
1-1: SINGLE (Groundball, 3D, EV 99.4 MPH)
Batting: RHB Kevin Tangeman 0-0: Foul Ball, location: 2F
0-1: Fly out, F8 (Line Drive, 8RM, EV 90.0 MPH)
Top of the 5th over - 0 runs, 1 hit, 0 errors, 1 left on base; Colorado (EL) 3 - San Antonio 2
BOTTOM OF THE 5TH
San Antonio Missions batting - Pitching for Colorado (EL) Rockies : RHP Andrew Ferrell
Batting: LHB Josh Slusarczyk 0-0: Ball
1-0: Swinging Strike
1-1: Called Strike
1-2: Foul Ball, location: 2F
1-2: Foul Ball, location: 2F
1-2: Strikes out swinging
Batting: RHB Dave McBain 0-0: Ball
1-0: Foul Ball, location: 2F
1-1: Called Strike
1-2: Strikes out swinging
Batting: RHB Freddie Brown 0-0: Called Strike
0-1: Ball
1-1: Called Strike
1-2: Ground out 4-3 (Groundball, 4, EV 89.4 MPH)
Bottom of the 5th over - 0 runs, 0 hits, 0 errors, 0 left on base; Colorado (EL) 3 - San Antonio 2
TOP OF THE 6TH
Colorado (EL) Rockies batting - Pitching for San Antonio Missions : LHP Luis Sanchez
Batting: LHB Paul McClintock 0-0: Ball
1-0: Foul Ball, location: 2F
1-1: Ball
2-1: DOUBLE (Flyball, 89D, EV 105.6 MPH)
Batting: RHB Pei Xie 0-0: Foul Ball, location: 2F
0-1: Foul Ball, location: 2F
0-2: Ball
1-2: Foul Ball, location: 2F
1-2: Ball
2-2: Foul Ball, location: 2F
2-2: Strikes out looking
Batting: SHB Craig Ruzic 0-0: Ball
1-0: Foul Ball, location: 2F
1-1: Foul Ball, location: 2F
1-2: Strikes out looking
Pitching: RHP Tony Delgado
Batting: RHB Juan Gallardo 0-0: Ball
1-0: Foul Ball, location: 2F
1-1: Ball
2-1: Ground out 1-3 (Groundball, 15S, EV 73.1 MPH)
Top of the 6th over - 0 runs, 1 hit, 0 errors, 1 left on base; Colorado (EL) 3 - San Antonio 2
BOTTOM OF THE 6TH
San Antonio Missions batting - Pitching for Colorado (EL) Rockies : RHP Andrew Ferrell
Batting: RHB Mike Maserang 0-0: Called Strike
0-1: Ball
1-1: Foul Ball, location: 2F
1-2: Fly out, F7 (Flyball, 7LM, EV 105.6 MPH)
Batting: LHB Matt Patnaude 0-0: Ball
1-0: Foul Ball, location: 2F
1-1: Ball
2-1: Swinging Strike
2-2: Foul Ball, location: 2F
2-2: SINGLE (Groundball, 5, EV 80.0 MPH) (infield hit)
Batting: RHB John Freeman 0-0: SINGLE (Groundball, 34S, EV 71.9 MPH) (infield hit)
Matt Patnaude to second
Batting: LHB Teko van de Sande 0-0: Ball
1-0: Foul Ball, location: 2F
1-1: Grounds into double play, 4-6-3 (Groundball, 4, EV 88.1 MPH)
Bottom of the 6th over - 0 runs, 2 hits, 0 errors, 1 left on base; Colorado (EL) 3 - San Antonio 2
TOP OF THE 7TH
Colorado (EL) Rockies batting - Pitching for San Antonio Missions : RHP Tony Delgado
Batting: RHB Chris Kinder 0-0: Ball
1-0: Called Strike
1-1: Ball
2-1: Ball
3-1: Called Strike
3-2: Foul Ball, location: 2F
3-2: Base on Balls
Batting: RHB Ray Insley 0-0: Ball
Chris Kinder steals 2nd base
1-0: Ball
2-0: Foul Ball, location: 2F
2-1: Fly out, F7 (Line Drive, 7LM, EV 93.8 MPH)
Batting: RHB Chris Osting 0-0: Ball
1-0: Ball
2-0: Called Strike
2-1: Ball
Passed Ball!
Chris Kinder to third
3-1: Foul Ball, location: 2F
3-2: Strikes out swinging
Batting: LHB Mick Tucker 0-0: Called Strike
0-1: Ball
1-1: 2-RUN HOME RUN (Flyball, 7D, EV 95.6 MPH), Distance : 360 ft
Batting: RHB Kevin Tangeman 0-0: Foul Ball, location: 2F
0-1: Ball
1-1: Ball
2-1: Ball
3-1: SINGLE (Groundball, 56D, EV 103.1 MPH)
Pitching: LHP Dan Gatlin
Batting: LHB Paul McClintock 0-0: Fielders Choice at 2nd, 6-4 (Groundball, 6, EV 99.4 MPH)
Top of the 7th over - 2 runs, 2 hits, 0 errors, 1 left on base; Colorado (EL) 5 - San Antonio 2
BOTTOM OF THE 7TH
San Antonio Missions batting - Pitching for Colorado (EL) Rockies : RHP Andrew Ferrell
Batting: RHB Adrian Martinelli 0-0: Called Strike
0-1: Ball
1-1: Foul Ball, location: 2F
1-2: Foul Ball, location: 2F
1-2: Strikes out swinging
Batting: RHB David Aguilar 0-0: Ball
1-0: Foul Ball, location: 2F
1-1: Ball
2-1: Foul Ball, location: 2F
2-2: Ball
3-2: Fly out, F2 (Popup, 2R, EV 95.6 MPH)
Batting: LHB Josh Slusarczyk 0-0: Ball
1-0: Swinging Strike
1-1: Called Strike
1-2: Ball
2-2: DOUBLE (Line Drive, 9LS, EV 112.5 MPH)
Pitching: RHP Terry Sterling
Batting: RHB Dave McBain 0-0: Swinging Strike
0-1: Ball
1-1: Foul Ball, location: 2F
1-2: Foul Ball, location: 2F
1-2: Foul Ball, location: 2F
1-2: Ground out 5-3 (Groundball, 56, EV 77.5 MPH)
Bottom of the 7th over - 0 runs, 1 hit, 0 errors, 1 left on base; Colorado (EL) 5 - San Antonio 2
TOP OF THE 8TH
Colorado (EL) Rockies batting - Pitching for San Antonio Missions : LHP Dan Gatlin
Batting: RHB Pei Xie 0-0: Ball
1-0: Ball
2-0: Called Strike
2-1: Swinging Strike
2-2: Foul Ball, location: 2F
2-2: Foul Ball, location: 2F
2-2: Foul Ball, location: 2F
2-2: Strikes out swinging
Batting: SHB Craig Ruzic 0-0: Called Strike
0-1: Foul Ball, location: 2F
0-2: Strikes out swinging
Batting: RHB Juan Gallardo 0-0: Ground out 6-3 (Groundball, 6, EV 90.6 MPH)
Top of the 8th over - 0 runs, 0 hits, 0 errors, 0 left on base; Colorado (EL) 5 - San Antonio 2
BOTTOM OF THE 8TH
San Antonio Missions batting - Pitching for Colorado (EL) Rockies : RHP Terry Sterling
Batting: RHB Freddie Brown 0-0: Called Strike
0-1: Called Strike
0-2: Ball
1-2: Strikes out swinging
Batting: RHB Mike Maserang 0-0: Ground out 5-3 (Groundball, 56, EV 85.0 MPH)
Batting: LHB Matt Patnaude 0-0: Foul Ball, location: 2F
0-1: Called Strike
0-2: Ball
1-2: Foul Ball, location: 9LSF, Error on foul ball, E9
1-2: Ground out 4-3 (Groundball, 4, EV 83.1 MPH)
Bottom of the 8th over - 0 runs, 0 hits, 1 error, 0 left on base; Colorado (EL) 5 - San Antonio 2
TOP OF THE 9TH
Colorado (EL) Rockies batting - Pitching for San Antonio Missions : LHP Dan Gatlin
Pitching: LHP Ismael Diaz
Batting: RHB Chris Kinder 0-0: Ball
1-0: Swinging Strike
1-1: Swinging Strike
1-2: Strikes out swinging
Batting: RHB Ray Insley 0-0: Foul Ball, location: 2F
0-1: Ball
1-1: Ball
2-1: Called Strike
2-2: Foul Ball, location: 2F
2-2: Strikes out swinging
Batting: RHB Chris Osting 0-0: Ball
1-0: Called Strike
1-1: Foul Ball, location: 2F
1-2: Ball
2-2: Ball
3-2: Foul Ball, location: 2F
3-2: Foul Ball, location: 2F
3-2: Strikes out swinging
Top of the 9th over - 0 runs, 0 hits, 0 errors, 0 left on base; Colorado (EL) 5 - San Antonio 2
BOTTOM OF THE 9TH
San Antonio Missions batting - Pitching for Colorado (EL) Rockies : RHP Terry Sterling
Pitching: RHP Jim Micaletti
Batting: RHB John Freeman 0-0: Ball
1-0: Swinging Strike
1-1: Foul Ball, location: 2F
1-2: Ball
2-2: Strikes out swinging
Batting: LHB Teko van de Sande 0-0: Called Strike
0-1: Ground out U3 (Groundball, 3S, EV 70.0 MPH)
Batting: RHB Adrian Martinelli 0-0: Fly out, F7 (Line Drive, 78M, EV 85.6 MPH)
Bottom of the 9th over - 0 runs, 0 hits, 0 errors, 0 left on base; Colorado (EL) 5 - San Antonio 2
Tuesday, March 28th , 2023 - OOTP Baseball 23.10 Build 110